AoeStats
← ^5Toasty^2PopTart

Lombardia

508176665Analyzed
4v4 RM · 11d ago on Sep 21, 2026· 24m 16s· 8 players
Game mode
Random Map
Map size
Large (8 player)
Population
200
Speed
Normal
Resources
Standard
Victory
Conquest
Starting age
Dark Age
Ending age
Imperial Age
RankedLock teamsTeams togetherTeam positionsShared explorationLock speedFull tech treeHidden civsTurbo modeCheats
Victory
Defeat
🇩🇪 Goths · Germany
597
+20
🇪🇸 Khmer · Spain
577
+21
🇹🇷 Teutons · Türkiye
554
+21
🇨🇳 Persians · China
525
+22
🇺🇸 Tatars · United States
754
-24
🇲🇽 Georgians · Mexico
742
-23
🇭🇰 Vietnamese · Hong Kong SAR China
667
-21
548
-16
zuralvsa
11:32 Feudal Age
13:01 Double-Bit Axe
14:57 Wheelbarrow
20:13 Castle Age
23:13 Hand Cart
tobhaeg
0:33 Loom
15:42 Feudal Age
23:30 Castle Age
21:53 Horse Collar
22:08 Double-Bit Axe
22:51 Gold Mining
24:46 Scale Mail Armor
25:00 Forging
32066588
emrecankurttt54
1:33 Loom
17:12 Feudal Age
21:25 Double-Bit Axe
21:25 Horse Collar
23:48 Scale Mail Armor
24:01 Forging
ostiinn
0:40 Loom
14:02 Feudal Age
18:19 Castle Age
17:10 Horse Collar
17:19 Double-Bit Axe
19:46 Wheelbarrow
19:26 Bow Saw
^5Toasty^2PopTart
A7NationAshyCouldn'tHoldMeBack
11:46 Feudal Age
12:30 Horse Collar
12:38 Double-Bit Axe
15:22 Wheelbarrow
14:35 Loom
15:39 Gold Mining
15:43 Stone Mining
18:48 Loom
On2toy
13:05 Feudal Age
16:06 Double-Bit Axe
16:08 Horse Collar
18:54 Loom
Connection lost

Rejoining the realm…

Still unreachable

The connection could not be restored.

Session expired

The server has moved on; the page needs a fresh start.